 Dungeon Crawl Stone Soup version 0.26-a0-466-g989023bd0d (webtiles) character file.

Game seed: 11962950727218946658

2802 HoaS the Grappler (level 9, -5/67 HPs)
             Began as a Ghoul Gladiator on Aug 12, 2020.
             Was a Priest of Makhleb.
             Slain by an orc warrior
             ... wielding a +0 scimitar
              (15 damage)
             ... on level 8 of the Dungeon.
             The game lasted 00:15:30 (7313 turns).

HoaS the Grappler (Ghoul Gladiator)                 Turns: 7313, Time: 00:15:31

Health: -5/67      AC: 12    Str: 19    XL:     9   Next: 71%
Magic:  8/8        EV: 10    Int:  3    God:    Makhleb [***...]
Gold:   255        SH:  0    Dex: 12    Spells: 8/8 levels left

rFire    + . .     SeeInvis .     - Unarmed
rCold    + . .     Faith    .   (no shield)
rNeg     + + +     Spirit   .   h - +0 scale mail
rPois    ∞         Reflect  .   b - +1 helmet
rElec    .         Harm     .   j - +1 cloak
rCorr    .                      (no gloves)
MR       .....                  f - +1 pair of boots
Stlth    ..........             (no amulet)
HPRegen  0.00/turn              t - ring of protection from fire
MPRegen  0.11/turn              (no ring)

@: mighty
A: rotting body, claws 1, cold resistance 1, negative energy resistance 3,
inhibited regeneration, torment resistance, unbreathing
a: Minor Destruction, Lesser Servant of Makhleb, Renounce Religion


You were on level 8 of the Dungeon.
You worshipped Makhleb.
Makhleb was most pleased with you.
You visited 1 branch of the dungeon, and saw 9 of its levels.

You collected 470 gold pieces.
You spent 215 gold pieces at shops.

Inventory:

Missiles
 c - a throwing net (quivered)
 d - 25 poisoned darts
 e - 44 bolts
 n - 5 boomerangs
Armour
 b - a +1 helmet (worn)
 f - a +1 pair of boots (worn)
 h - a +0 scale mail (worn)
 j - a +1 cloak (worn)
Jewellery
 k - an uncursed ring of ice
 l - an uncursed ring of stealth
 t - a ring of protection from fire (left claw)
Wands
 v - a wand of iceblast (12)
Scrolls
 g - 3 scrolls of identify
 i - 2 scrolls of enchant armour
 o - 3 scrolls of teleportation
 r - 2 scrolls of remove curse
Potions
 a - a potion of might
 m - a potion of berserk rage {unknown}
 p - 3 potions of curing
 q - 2 potions of haste
 s - a potion of resistance {unknown}
 u - a potion of heal wounds {unknown}


   Skills:
 - Level 2.1 Fighting
 - Level 1.7 Throwing
 - Level 2.6 Dodging
 + Level 14.0 Unarmed Combat


You had 8 spell levels left.
You didn't know any spells.
Your spell library contained the following spells:

 Spells                   Type           Power        Failure   Level
 Animate Skeleton         Necr           #.....       89%         1
 Apportation              Tloc           #.....       89%         1
 Corona                   Hex            #......      89%         1
 Summon Small Mammal      Summ           #...         89%         1


Dungeon Overview and Level Annotations

Branches:
Dungeon (9/15)             Temple (0/1) D:6
   Lair: D:8-11         Orc: D:9-12

Altars:
Fedhas
Gozag
Makhleb
Trog
Wu Jian
Xom
The Shining One

Shops:
D:8 [


Innate Abilities, Weirdness & Mutations

Your body is rotting away.
You thrive by killing the living.
You are immune to poison.
You have sharp fingernails.
Your flesh is cold resistant. (rC+)
You are immune to negative energy. (rN+++)
You do not regenerate when monsters are visible.
You are immune to unholy pain and torment.
You can survive without breathing.


Message History

You feel better.
Unknown command.
Things that are here:
a +2 whip of freezing; a +0 robe The orc warrior hits you with a +0 scimitar.
There is a stone staircase leading up here.
The adder bites you but does no damage.
The orc warrior hits you with a +0 scimitar!
The adder bites you.
You climb upwards.
There is a stone staircase leading down here.
You feel very mighty all of a sudden. The adder completely misses you.
The orc warrior hits you with a +0 scimitar!
* * * LOW HITPOINT WARNING * * *
You closely miss the orc warrior. The adder closely misses you.
You scratch the orc warrior.
The orc warrior is moderately wounded.
The orc warrior hits you with a +0 scimitar!
You die...

##....#####...#....
##...# ##...##.#
#...#####.....##.
#.....##...##.<.. ####
##.....#..####...
#..### #.......## ##..
###..####[)....## #..
###..).......## ##.#
####.@S.......#####...
#...o....####...#.....
###.....## ###....#..
###..## #..####? ##.#
#..# ## #.# #..# #.
##.# #.## #. ##..# #.#
##. ###...## #.# ##()


You could see an orc warrior and an adder.

Vanquished Creatures
  Pikel (D:9)
  5 ogres
  5 centaurs
  A big kobold (D:8)
  A wyvern zombie (D:6)
  A bullfrog (D:7)
  A wyvern skeleton (D:8)
  3 howler monkeys (D:8)
  A crimson imp (D:4)
  2 bullfrog zombies
  4 orc priests
  9 orc wizards
  A hound (D:4)
  4 jellies
  A bullfrog skeleton (D:8)
  3 iguanas
  4 worker ants
  2 hound skeletons
  A howler monkey skeleton (D:5)
  3 gnolls (D:6)
  9 adders
  A white imp (D:8)
  2 ufetubi
  2 adder skeletons
  4 worms
  4 dart slugs
  6 leopard geckos
  33 orcs
  2 ball pythons
  11 bats
  8 giant cockroaches
  6 goblins
  7 hobgoblins
  10 jackals
  4 quokkas
  5 frilled lizards
  A giant cockroach zombie (D:6)
  A goblin skeleton (D:4)
  A goblin zombie (D:4)
  A hobgoblin zombie (D:4)
  11 kobolds
  2 kobold skeletons (D:4)
  2 orc skeletons (D:4)
  A quokka skeleton (D:5)
  A quokka zombie (D:8)
  5 rats (D:1)
193 creatures vanquished.

Vanquished Creatures (others)
  5 dream sheep (D:7)
  2 fungi (D:9)
7 creatures vanquished.

Grand Total: 200 creatures vanquished

Notes
Turn   | Place    | Note
-------+----------+-------------------------------------------
     0 | D:1      | HoaS the Ghoul Gladiator began the quest for the Orb.
     0 | D:1      | Reached XP level 1. HP: 17/17 MP: 0/0
   289 | D:1      | Reached XP level 2. HP: 24/24 MP: 1/1
   296 | D:1      | Reached skill level 4 in Unarmed Combat
   559 | D:1      | Reached XP level 3. HP: 29/29 MP: 2/2
   951 | D:1      | Reached skill level 5 in Unarmed Combat
  1176 | D:2      | Found a blossoming altar of Fedhas.
  1262 | D:2      | Reached XP level 4. HP: 36/36 MP: 3/3
  1289 | D:2      | Found a burning altar of Makhleb.
  1293 | D:2      | Noticed an Executioner
  1297 | D:2      | Noticed a ynoxinul
  1297 | D:2      | Noticed an orange demon
  1299 | D:2      | Became a worshipper of Makhleb the Destroyer
  1569 | D:2      | You fall into a shaft and drop 2 floors!
  1594 | D:4      | Reached skill level 6 in Unarmed Combat
  1611 | D:4      | Reached XP level 5. HP: 41/41 MP: 4/4
  1953 | D:2      | Found a faded altar of an unknown god.
  2028 | D:2      | Found an opulent altar of Gozag.
  2372 | D:3      | Reached skill level 7 in Unarmed Combat
  2427 | D:3      | Reached * piety under Makhleb
  2491 | D:3      | Noticed an ogre
  2501 | D:3      | Killed an ogre
  2501 | D:3      | Reached XP level 6. HP: 48/48 MP: 5/5
  2598 | D:3      | Found an ornate altar of the Wu Jian Council.
  3118 | D:4      | Found a glowing golden altar of the Shining One.
  3132 | D:4      | Reached skill level 8 in Unarmed Combat
  3478 | D:5      | Entered Level 5 of the Dungeon
  3794 | D:5      | Reached XP level 7. HP: 18/55 MP: 6/6
  4104 | D:5      | Found a bloodstained altar of Trog.
  4223 | D:6      | Reached skill level 9 in Unarmed Combat
  4554 | D:5      | Reached ** piety under Makhleb
  4670 | D:6      | Reached skill level 10 in Unarmed Combat
  4791 | D:6      | Found a staircase to the Ecumenical Temple.
  4830 | D:6      | Reached XP level 8. HP: 56/61 MP: 7/7
  5482 | D:7      | Reached skill level 11 in Unarmed Combat
  5704 | D:7      | Noticed a dream sheep
  5704 | D:7      | Noticed a dream sheep
  5704 | D:7      | Noticed a dream sheep
  5704 | D:7      | Noticed a dream sheep
  5704 | D:7      | Noticed a dream sheep
  5704 | D:7      | Found a shimmering altar of Xom.
  5709 | D:7      | Killed a dream sheep
  5709 | D:7      | Killed a dream sheep
  5709 | D:7      | Killed a dream sheep
  5709 | D:7      | Killed a dream sheep
  5714 | D:7      | Killed a dream sheep
  5774 | D:7      | Reached skill level 12 in Unarmed Combat
  5946 | D:8      | Found Dyettip's Armour Emporium.
  5957 | D:8      | Reached XP level 9. HP: 67/67 MP: 8/8
  5965 | D:8      | Bought a +2 pair of gloves of strength for 215 gold pieces
  6265 | D:8      | Reached *** piety under Makhleb
  6746 | D:8      | Reached skill level 13 in Unarmed Combat
  7143 | D:9      | Noticed Pikel
  7303 | D:9      | Killed Pikel
  7303 | D:9      | Reached skill level 14 in Unarmed Combat
  7313 | D:8      | Slain by an orc warrior

Illustrated notes

Levels and vault maps discovered:
D:1:      sevenhm_arrival_forest_fort_small_6, layout_basic, minmay_tall_x
D:2:      layout_loops_ring, fedhas_altar_1, nicolae_gozag_seed_capital,
          makhleb_altar_promises_db, chequers_ecumenical_altar_grove, hex_large
D:3:      layout_basic, lemuel_coloured_pillars_altar
D:4:      layout_loops_ring, nicolae_tso_besieged_by_evil
D:5:      layout_basic, old_standard_altar
D:6:      layout_basic, minmay_temple_entry_hall, serial_undead,
          serial_undead_d, serial_undead_c, serial_undead_b, serial_undead_d,
          eino_tiny_chamber
D:7:      layout_rooms, kb_xom_exploding_sheep, kennysheep_nub, minivault_24
D:8:      layout_layer_cave, serial_shops, shop
D:9:      layout_cave_pools, due_lair_maze_entry_diamond, uniq_joseph,
          uniq_pikel

Skill      XL: |  1  2  3  4  5  6  7  8  9 |
---------------+----------------------------+-----
Unarmed Combat | 4 5 6 7 8 10 12 14 | 14.0
Fighting       | |  2.1
Throwing       | |  1.7
Dodging        | |  2.6

Action                   |  1- 3 |  4- 6 |  7- 9 || total
-------------------------+-------+-------+-------++-------
Melee: Unarmed           |   134 |   184 |   292 ||   610
       Punch             |     1 |     7 |    13 ||    21
Throw: Throwing net      |       |     1 |     3 ||     4
  Use: Scroll            |       |     6 |     8 ||    14
       Potion            |       |       |     2 ||     2
 Stab: Held in net/web   |       |       |     4 ||     4
Armor: Leather armour    |    30 |       |       ||    30
       Scale mail        |    19 |    85 |   118 ||   222
Dodge: Dodged            |    77 |    80 |   146 ||   303
       Repelled          |       |       |     1 ||     1

Table legend: (Time is in decaauts)
 A = Elapsed time spent in this place.
 B = Non-inter-level travel time spent in this place.
 C = Inter-level travel time spent in this place.
 D = Time resting spent in this place.
 E = Time spent auto-exploring this place.
 F = Levels seen in this place.
 G = Mean time per level.
                   A        B        C        D        E       F      G
               +--------+--------+--------+--------+--------+-----+--------+
         Total |   7227 |   6779 |    448 |    968 |   4594 |   9 |  803.0 |
       Dungeon |   7227 |   6779 |    448 |    968 |   4594 |   9 |  803.0 |
               +--------+--------+--------+--------+--------+-----+--------+

Top non-repeatable levels by time:
     D:8: 1378 daAuts
     D:1: 1167 daAuts
     D:5: 1023 daAuts
     D:3: 944 daAuts
     D:2: 802 daAuts
     D:4: 692 daAuts
     D:6: 684 daAuts
     D:7: 465 daAuts
     D:9: 70 daAuts
